[ AOE2 MATCH · #495843330 ]
UnrankedChinese vs Magyars
[ REPLAY ANALYSIS · EXTRACTED FROM THE RECORDED GAME ]
Feudal
8:07
Castle
22:32
Imperial
—
| APM avg | 44.2 |
| APM peak | 89 |
| eAPM avg | 24.7 |
| Villagers / military | 96 / 81 |
Focus
⚔️ 44.8% · 🌾 55.2%
Chu Ko Nu ×66 · Battering Ram ×9 · Iron Pagoda ×5 · Fire Lancer ×1
Feudal
10:55
Castle
14:25
Imperial
37:04
| APM avg | 59.2 |
| APM peak | 112 |
| eAPM avg | 31.6 |
| Villagers / military | 180 / 150 |
Focus
⚔️ 45.6% · 🌾 54.4%
Knight ×146 · Trebuchet (Packed) ×4
Feudal
10:06
Castle
15:16
Imperial
—
| APM avg | 24.3 |
| APM peak | 82 |
| eAPM avg | 14.8 |
| Villagers / military | 86 / 62 |
Focus
⚔️ 31.7% · 🌾 68.3%
Magyar Huszar ×48 · Battering Ram ×7 · Scout Cavalry ×3 · Monk ×2 · Mangonel ×2 · Trade Cart ×1
Feudal
12:11
Castle
16:31
Imperial
21:12
| APM avg | 40.7 |
| APM peak | 81 |
| eAPM avg | 21.3 |
| Villagers / military | 122 / 88 |
Focus
⚔️ 25.1% · 🌾 74.9%
Camel Scout ×53 · Hand Cannoneer ×20 · Knight ×5 · Bombard Cannon ×5 · Monk ×4 · Cavalry Archer ×1
Match map
Initial resources + every placement click. Lines = walls · curves = elevation contours. ◆ gold · ⬟ stone · ● berries · ✦ relic · ◌ wall gap
Your base· ✓ Closed at 22:32 · 1t walls · 2 gate(s)
[SP4RT] roboticoperatingbuddyste's base· ✓ Closed at 14:25 · 0t walls · 2 gate(s)
LMG_Leonardo's base· ✓ Closed at 15:16 · 1t walls · 4 gate(s)
LMG_SON SABANDIJAS's base· ✓ Closed at 16:31 · 0t walls · 2 gate(s)
Smoothed initial terrain · ◌ = detected wall gap · hover for details
Inputs per minute
— Barchy111 - - [SP4RT] roboticoperatingbuddyste
Build order — Barchy111
First 150 of 282 actions detected
| 0:26 | Research | Loom |
| 0:49 | Queue | Villager (Male) |
| 0:50 | Queue | Villager (Male) |
| 1:17 | Queue | Villager (Male) |
| 1:42 | Queue | Villager (Male) |
| 2:12 | Queue | Villager (Male) |
| 2:18 | Build | Lumber Camp |
| 2:31 | Queue | Villager (Male) |
| 2:45 | Queue | Villager (Male) |
| 3:28 | Queue | Villager (Male) |
| 3:50 | Queue | Villager (Male) |
| 3:51 | Queue | Villager (Male) |
| 3:58 | Queue | Villager (Male) |
| 3:58 | Queue | Villager (Male) |
| 4:21 | Build | House |
| 4:46 | Queue | Villager (Male) |
| 4:53 | Build | Mining Camp |
| 5:17 | Queue | Villager (Male) |
| 5:57 | Research | Feudal Age |
| 5:58 | Research | Feudal Age |
| 6:56 | Queue | Villager (Male) |
| 7:57 | Build | House |
| 8:07 | Age | Feudal Age |
| 8:10 | Build | Watch Tower |
| 8:32 | Queue | Villager (Male) |
| 8:37 | Build | Blacksmith |
| 8:50 | Queue | Villager (Male) |
| 9:18 | Queue | Villager (Male) |
| 9:28 | Build | Watch Tower |
| 9:49 | Queue | Villager (Male) |
| 9:52 | Research | Fletching |
| 10:19 | Build | Mill |
| 10:39 | Build | Watch Tower |
| 10:42 | Queue | Villager (Male) |
| 11:01 | Queue | Villager (Male) |
| 11:22 | Build | Watch Tower |
| 11:33 | Build | House |
| 11:35 | Build | Farm |
| 11:40 | Queue | Villager (Male) |
| 12:05 | Build | Farm |
| 12:05 | Build | Farm |
| 12:06 | Build | Farm |
| 12:06 | Build | Farm |
| 12:13 | Queue | Villager (Male) |
| 12:38 | Queue | Villager (Male) |
| 12:41 | Build | Farm |
| 13:03 | Queue | Villager (Male) |
| 13:31 | Build | Watch Tower |
| 13:35 | Queue | Villager (Male) |
| 13:43 | Build | House |
| 13:45 | Build | House |
| 13:47 | Build | Palisade Wall |
| 13:58 | Queue | Villager (Male) |
| 14:17 | Queue | Villager (Male) |
| 14:17 | Queue | Villager (Male) |
| 14:29 | Build | House |
| 14:43 | Build | Watch Tower |
| 14:43 | Queue | Villager (Male) |
| 14:48 | Build | House |
| 15:01 | Queue | Villager (Male) |
| 15:07 | Queue | Villager (Male) |
| 15:10 | Build | House |
| 15:12 | Build | Farm |
| 15:16 | Build | Farm |
| 15:17 | Build | Farm |
| 15:40 | Queue | Villager (Male) |
| 15:45 | Build | Farm |
| 15:46 | Build | Farm |
| 15:46 | Build | Farm |
| 15:46 | Build | Farm |
| 15:46 | Build | Farm |
| 15:59 | Queue | Villager (Male) |
| 16:15 | Build | Mining Camp |
| 16:33 | Build | Watch Tower |
| 17:05 | Build | Farm |
| 17:07 | Build | Farm |
| 17:08 | Queue | Villager (Male) |
| 17:11 | Build | Farm |
| 17:27 | Queue | Villager (Male) |
| 17:33 | Build | Farm |
| 17:52 | Queue | Villager (Male) |
| 18:02 | Build | Farm |
| 18:04 | Build | Farm |
| 18:08 | Queue | Villager (Male) |
| 18:27 | Queue | Villager (Male) |
| 18:56 | Build | Market |
| 19:03 | Build | Market |
| 19:14 | Queue | Villager (Male) |
| 19:52 | Research | Castle Age |
| 19:52 | Research | Castle Age |
| 20:01 | Build | Barracks |
| 20:03 | Research | Padded Archer Armor |
| 20:18 | Research | Horse Collar |
| 20:35 | Research | Double-Bit Axe |
| 20:58 | Build | House |
| 21:13 | Build | Archery Range |
| 21:32 | Queue | Villager (Male) |
| 22:23 | Research | Wheelbarrow |
| 22:32 | Age | Castle Age |
| 22:44 | Build | Siege Workshop |
| 23:09 | Queue | Iron Pagoda |
| 23:13 | Research | Gold Mining |
| 23:18 | Queue | Villager (Male) |
| 23:40 | Build | Castle |
| 23:45 | Queue | Iron Pagoda |
| 23:47 | Queue | Villager (Male) |
| 24:04 | Queue | Villager (Male) |
| 24:21 | Queue | Villager (Male) |
| 24:23 | Queue | Iron Pagoda |
| 24:24 | Queue | Villager (Male) |
| 24:39 | Build | Mining Camp |
| 24:40 | Queue | Villager (Male) |
| 24:42 | Queue | Chu Ko Nu |
| 24:59 | Queue | Chu Ko Nu |
| 25:11 | Queue | Villager (Male) |
| 25:13 | Queue | Chu Ko Nu |
| 25:18 | Queue | Villager (Male) |
| 25:27 | Research | Bodkin Arrow |
| 25:29 | Queue | Villager (Male) |
| 25:36 | Queue | Chu Ko Nu |
| 25:45 | Queue | Villager (Male) |
| 25:48 | Queue | Chu Ko Nu |
| 25:57 | Queue | Chu Ko Nu |
| 26:11 | Queue | Villager (Male) |
| 26:14 | Queue | Chu Ko Nu |
| 26:31 | Queue | Villager (Male) |
| 26:58 | Queue | Chu Ko Nu |
| 26:59 | Queue | Villager (Male) |
| 27:05 | Queue | Villager (Male) |
| 27:10 | Build | University |
| 27:26 | Research | Leather Archer Armor |
| 27:27 | Queue | Chu Ko Nu |
| 27:29 | Queue | Chu Ko Nu |
| 27:40 | Queue | Fire Lancer |
| 27:57 | Research | Fortified Wall (upgrade) |
| 27:57 | Research | Guard Tower (upgrade) |
| 27:57 | Research | Guard Tower (upgrade) |
| 28:00 | Research | Murder Holes |
| 28:03 | Queue | Chu Ko Nu |
| 28:22 | Queue | Villager (Male) |
| 28:48 | Queue | Chu Ko Nu |
| 28:48 | Queue | Chu Ko Nu |
| 28:48 | Queue | Chu Ko Nu |
| 29:49 | Queue | Chu Ko Nu |
| 29:49 | Queue | Chu Ko Nu |
| 29:52 | Queue | Chu Ko Nu |
| 29:52 | Queue | Villager (Male) |
| 30:12 | Queue | Villager (Male) |
| 30:21 | Queue | Chu Ko Nu |
| 30:22 | Queue | Chu Ko Nu |
Build order — [SP4RT] roboticoperatingbuddyste
First 150 of 451 actions detected
| 0:00 | Queue | Villager (Male) |
| 0:00 | Queue | Villager (Male) |
| 0:01 | Queue | Villager (Male) |
| 0:02 | Build | House |
| 0:04 | Build | House |
| 0:11 | Queue | Villager (Male) |
| 1:07 | Queue | Villager (Male) |
| 1:41 | Queue | Villager (Male) |
| 1:41 | Queue | Villager (Male) |
| 1:47 | Build | Lumber Camp |
| 2:22 | Queue | Villager (Male) |
| 2:39 | Queue | Villager (Male) |
| 2:55 | Queue | Villager (Male) |
| 3:07 | Queue | Villager (Male) |
| 3:26 | Build | Mill |
| 3:44 | Queue | Villager (Male) |
| 3:44 | Queue | Villager (Male) |
| 4:34 | Queue | Villager (Male) |
| 4:34 | Queue | Villager (Male) |
| 5:14 | Queue | Villager (Male) |
| 5:30 | Queue | Villager (Male) |
| 5:30 | Queue | Villager (Male) |
| 5:33 | Build | House |
| 6:07 | Queue | Villager (Male) |
| 6:34 | Queue | Villager (Male) |
| 7:30 | Queue | Villager (Male) |
| 7:39 | Queue | Villager (Male) |
| 7:39 | Queue | Villager (Male) |
| 8:07 | Build | House |
| 8:27 | Research | Feudal Age |
| 8:38 | Build | Farm |
| 8:42 | Build | Farm |
| 8:45 | Build | Farm |
| 8:50 | Queue | Villager (Male) |
| 8:50 | Queue | Villager (Male) |
| 8:59 | Build | Farm |
| 9:29 | Build | Farm |
| 10:55 | Age | Feudal Age |
| 10:56 | Build | Market |
| 11:00 | Build | Blacksmith |
| 11:24 | Build | Mining Camp |
| 11:42 | Research | Castle Age |
| 11:52 | Research | Horse Collar |
| 12:12 | Build | Farm |
| 13:15 | Research | Double-Bit Axe |
| 13:15 | Research | Double-Bit Axe |
| 13:21 | Build | House |
| 13:31 | Research | Stone Mining |
| 13:34 | Build | Farm |
| 13:48 | Build | Mill |
| 13:55 | Build | Mill |
| 14:04 | Queue | Villager (Male) |
| 14:25 | Age | Castle Age |
| 14:28 | Research | Heavy Plow |
| 14:28 | Research | Heavy Plow |
| 14:30 | Build | Farm |
| 14:30 | Build | Farm |
| 14:30 | Build | Farm |
| 14:31 | Build | Farm |
| 14:31 | Build | Farm |
| 14:31 | Build | Farm |
| 14:47 | Queue | Villager (Male) |
| 15:04 | Queue | Villager (Male) |
| 15:07 | Build | Town Center |
| 15:14 | Queue | Villager (Male) |
| 15:24 | Queue | Villager (Male) |
| 15:33 | Queue | Villager (Male) |
| 15:41 | Research | Bow Saw |
| 15:51 | Queue | Villager (Male) |
| 16:10 | Queue | Villager (Male) |
| 16:25 | Queue | Villager (Male) |
| 16:29 | Queue | Villager (Male) ×2 |
| 16:34 | Build | Farm |
| 16:34 | Build | Farm |
| 16:39 | Queue | Villager (Male) |
| 16:45 | Queue | Villager (Male) ×2 |
| 16:51 | Build | Farm |
| 16:54 | Queue | Villager (Male) |
| 16:58 | Queue | Villager (Male) |
| 16:59 | Queue | Villager (Male) |
| 17:07 | Build | House |
| 17:07 | Build | House |
| 17:10 | Queue | Villager (Male) ×2 |
| 17:23 | Queue | Villager (Male) ×2 |
| 17:26 | Queue | Villager (Male) |
| 17:31 | Queue | Villager (Male) |
| 17:43 | Build | Mill |
| 17:44 | Build | Farm |
| 17:44 | Build | Farm |
| 17:44 | Build | Farm |
| 17:44 | Build | Farm |
| 17:44 | Build | Farm |
| 17:46 | Queue | Villager (Male) |
| 17:51 | Queue | Villager (Male) ×2 |
| 17:57 | Build | House |
| 18:10 | Queue | Villager (Male) ×2 |
| 18:15 | Queue | Villager (Male) |
| 18:15 | Queue | Villager (Male) |
| 18:25 | Research | Wheelbarrow |
| 18:32 | Build | Castle |
| 18:40 | Build | Farm |
| 18:40 | Build | Farm |
| 18:41 | Build | Farm |
| 18:42 | Queue | Villager (Male) |
| 18:48 | Queue | Villager (Male) |
| 18:55 | Build | Farm |
| 18:56 | Queue | Villager (Male) |
| 19:02 | Research | Scale Barding Armor |
| 19:08 | Queue | Villager (Male) |
| 19:21 | Queue | Villager (Male) |
| 19:27 | Queue | Villager (Male) |
| 19:30 | Queue | Villager (Male) |
| 19:46 | Research | Szlachta Privileges |
| 19:46 | Research | Szlachta Privileges |
| 19:59 | Queue | Villager (Male) ×3 |
| 20:14 | Build | Barracks |
| 20:15 | Queue | Villager (Male) |
| 20:18 | Queue | Villager (Male) |
| 20:25 | Research | Scale Barding Armor |
| 20:30 | Research | Loom |
| 20:31 | Queue | Villager (Male) |
| 20:44 | Build | Stable |
| 20:47 | Queue | Villager (Male) ×3 |
| 20:53 | Queue | Villager (Male) ×3 |
| 20:59 | Queue | Villager (Male) |
| 21:06 | Research | Forging |
| 21:12 | Queue | Villager (Male) |
| 21:19 | Queue | Villager (Male) |
| 21:23 | Build | Stable |
| 21:34 | Queue | Villager (Male) |
| 21:41 | Queue | Knight |
| 21:41 | Queue | Knight |
| 21:42 | Queue | Villager (Male) ×2 |
| 21:47 | Build | Stable |
| 21:50 | Queue | Villager (Male) |
| 21:54 | Queue | Knight |
| 21:59 | Queue | Knight |
| 21:59 | Queue | Knight |
| 21:59 | Queue | Villager (Male) ×2 |
| 22:11 | Queue | Knight |
| 22:12 | Queue | Villager (Male) |
| 22:19 | Build | Mill |
| 22:19 | Build | Farm |
| 22:19 | Build | Farm |
| 22:20 | Build | Farm |
| 22:20 | Build | Farm |
| 22:20 | Build | Farm |
| 22:23 | Build | Farm |
| 22:24 | Build | Farm |
| 22:25 | Queue | Knight |
Build order — LMG_Leonardo
First 150 of 228 actions detected
| 0:01 | Queue | Villager (Male) |
| 0:01 | Queue | Villager (Male) |
| 0:01 | Queue | Villager (Male) |
| 0:02 | Queue | Villager (Male) |
| 0:03 | Build | House |
| 0:04 | Build | House |
| 1:27 | Queue | Villager (Male) |
| 1:27 | Queue | Villager (Male) |
| 1:52 | Queue | Villager (Male) |
| 1:54 | Build | Lumber Camp |
| 2:13 | Queue | Villager (Male) |
| 2:49 | Queue | Villager (Male) |
| 2:49 | Queue | Villager (Male) |
| 2:49 | Queue | Villager (Male) |
| 3:16 | Queue | Villager (Male) |
| 3:49 | Build | House |
| 3:53 | Build | House |
| 4:03 | Queue | Villager (Male) |
| 4:03 | Queue | Villager (Male) |
| 4:03 | Queue | Villager (Male) |
| 4:08 | Build | House |
| 4:36 | Build | Mill |
| 4:47 | Queue | Villager (Male) |
| 4:58 | Queue | Villager (Male) |
| 4:59 | Queue | Villager (Male) |
| 5:31 | Queue | Villager (Male) |
| 5:31 | Queue | Villager (Male) |
| 6:07 | Queue | Villager (Male) |
| 6:07 | Queue | Villager (Male) |
| 6:08 | Queue | Villager (Male) |
| 6:08 | Queue | Villager (Male) |
| 7:42 | Build | Mining Camp |
| 7:44 | Research | Feudal Age |
| 8:21 | Research | Loom |
| 8:23 | Queue | Villager (Male) |
| 8:23 | Queue | Villager (Male) |
| 8:57 | Build | House |
| 9:05 | Build | House |
| 9:09 | Build | House |
| 9:27 | Build | Palisade Gate |
| 9:28 | Build | Palisade Wall |
| 9:33 | Build | Palisade Gate |
| 10:06 | Age | Feudal Age |
| 10:18 | Build | Blacksmith |
| 10:27 | Build | Market |
| 10:57 | Queue | Villager (Male) |
| 11:39 | Queue | Villager (Male) |
| 12:07 | Queue | Villager (Male) |
| 12:36 | Research | Castle Age |
| 12:36 | Research | Castle Age |
| 13:10 | Build | House |
| 13:16 | Build | House |
| 13:41 | Queue | Villager (Male) |
| 14:23 | Build | Barracks |
| 15:16 | Age | Castle Age |
| 15:19 | Build | Siege Workshop |
| 15:47 | Queue | Villager (Male) |
| 15:48 | Queue | Villager (Male) |
| 16:03 | Queue | Mangonel |
| 16:16 | Queue | Battering Ram |
| 16:34 | Queue | Trade Cart |
| 16:41 | Queue | Villager (Male) |
| 16:41 | Queue | Villager (Male) |
| 16:44 | Build | Farm |
| 17:03 | Build | Farm |
| 17:12 | Build | Farm |
| 17:23 | Queue | Villager (Male) |
| 17:24 | Queue | Villager (Male) |
| 17:24 | Queue | Villager (Male) |
| 17:30 | Build | Farm |
| 17:54 | Build | Farm |
| 17:58 | Queue | Villager (Male) |
| 18:18 | Build | Mining Camp |
| 18:27 | Queue | Villager (Male) |
| 18:34 | Build | Farm |
| 18:36 | Build | Farm |
| 18:45 | Research | Double-Bit Axe |
| 19:01 | Build | Monastery |
| 19:04 | Queue | Villager (Male) |
| 19:04 | Queue | Villager (Male) |
| 19:14 | Build | Farm |
| 19:31 | Build | House |
| 19:34 | Queue | Villager (Male) |
| 19:52 | Build | Farm |
| 20:01 | Build | Stone Wall |
| 20:05 | Queue | Villager (Male) |
| 20:05 | Queue | Villager (Male) |
| 20:08 | Build | Farm |
| 20:21 | Build | Lumber Camp |
| 20:31 | Queue | Villager (Male) |
| 20:33 | Build | Farm |
| 20:58 | Queue | Villager (Male) |
| 20:58 | Queue | Villager (Male) |
| 21:04 | Build | Farm |
| 21:11 | Queue | Monk |
| 21:11 | Queue | Monk |
| 21:23 | Queue | Villager (Male) |
| 21:25 | Build | House |
| 21:26 | Build | House |
| 21:36 | Queue | Villager (Male) |
| 21:57 | Build | Farm |
| 22:01 | Build | Farm |
| 22:20 | Queue | Villager (Male) |
| 22:32 | Build | Castle |
| 22:42 | Build | Mining Camp |
| 22:50 | Build | Stable |
| 22:52 | Build | House |
| 22:53 | Build | House |
| 22:54 | Build | House |
| 23:03 | Queue | Villager (Male) |
| 23:03 | Queue | Villager (Male) |
| 23:07 | Research | Scale Barding Armor |
| 23:17 | Build | Mill |
| 23:18 | Build | Farm |
| 23:18 | Build | Farm |
| 23:19 | Build | Farm |
| 23:24 | Build | Farm |
| 23:24 | Build | Farm |
| 23:26 | Build | Farm |
| 23:34 | Build | Farm |
| 24:20 | Queue | Magyar Huszar |
| 24:20 | Queue | Magyar Huszar |
| 24:20 | Queue | Magyar Huszar |
| 24:21 | Queue | Magyar Huszar |
| 24:21 | Queue | Magyar Huszar |
| 24:27 | Build | House |
| 24:30 | Build | House |
| 24:31 | Build | House |
| 24:32 | Build | House |
| 24:37 | Research | Bloodlines |
| 24:40 | Queue | Villager (Male) |
| 24:40 | Queue | Villager (Male) |
| 24:40 | Queue | Villager (Male) |
| 25:18 | Research | Chain Barding Armor |
| 25:39 | Queue | Villager (Male) |
| 25:39 | Queue | Villager (Male) |
| 25:40 | Queue | Scout Cavalry |
| 25:40 | Queue | Scout Cavalry |
| 25:46 | Queue | Scout Cavalry |
| 25:52 | Queue | Magyar Huszar |
| 25:53 | Queue | Magyar Huszar |
| 25:53 | Queue | Magyar Huszar |
| 25:53 | Queue | Magyar Huszar |
| 25:53 | Queue | Magyar Huszar |
| 25:55 | Queue | Magyar Huszar |
| 26:26 | Research | Husbandry |
| 26:31 | Queue | Villager (Male) |
| 26:45 | Queue | Villager (Male) |
| 26:45 | Queue | Villager (Male) |
| 26:53 | Queue | Battering Ram |
Build order — LMG_SON SABANDIJAS
First 150 of 336 actions detected
| 0:00 | Queue | Villager (Male) |
| 0:01 | Queue | Villager (Male) |
| 0:02 | Build | House |
| 0:03 | Queue | Villager (Male) |
| 0:05 | Build | House |
| 0:11 | Queue | Villager (Male) |
| 0:12 | Queue | Villager (Male) |
| 1:28 | Queue | Villager (Male) |
| 1:28 | Queue | Villager (Male) |
| 1:48 | Build | Lumber Camp |
| 1:57 | Queue | Villager (Male) |
| 1:57 | Queue | Villager (Male) |
| 1:58 | Queue | Villager (Male) |
| 2:24 | Queue | Villager (Male) |
| 2:24 | Queue | Villager (Male) |
| 2:33 | Queue | Villager (Male) |
| 2:33 | Queue | Villager (Male) |
| 2:52 | Queue | Villager (Male) |
| 2:52 | Queue | Villager (Male) |
| 3:33 | Build | House |
| 3:34 | Build | House |
| 3:38 | Queue | Villager (Male) |
| 3:39 | Queue | Villager (Male) |
| 3:39 | Queue | Villager (Male) |
| 4:12 | Queue | Villager (Male) |
| 4:13 | Queue | Villager (Male) |
| 4:20 | Build | House |
| 4:22 | Build | Mill |
| 4:35 | Queue | Villager (Male) |
| 4:36 | Queue | Villager (Male) |
| 4:51 | Build | House |
| 5:18 | Queue | Villager (Male) |
| 5:19 | Queue | Villager (Male) |
| 5:19 | Queue | Villager (Male) |
| 5:41 | Queue | Villager (Male) |
| 5:50 | Build | Lumber Camp |
| 6:04 | Queue | Villager (Male) |
| 6:04 | Queue | Villager (Male) |
| 6:16 | Queue | Villager (Male) |
| 6:16 | Queue | Villager (Male) |
| 6:25 | Build | Farm |
| 6:28 | Queue | Villager (Male) |
| 6:29 | Queue | Villager (Male) |
| 6:36 | Build | Farm |
| 7:19 | Build | Farm |
| 7:38 | Queue | Villager (Male) |
| 7:49 | Build | Mining Camp |
| 8:07 | Queue | Villager (Male) |
| 8:08 | Queue | Villager (Male) |
| 8:27 | Build | Farm |
| 8:30 | Queue | Villager (Male) |
| 8:49 | Build | Farm |
| 8:52 | Build | Farm |
| 9:00 | Build | Farm |
| 9:22 | Queue | Villager (Male) |
| 9:40 | Build | Farm |
| 9:49 | Research | Feudal Age |
| 10:12 | Queue | Villager (Male) |
| 10:12 | Queue | Villager (Male) |
| 10:56 | Queue | Villager (Male) |
| 10:56 | Queue | Villager (Male) |
| 11:43 | Queue | Villager (Male) |
| 12:11 | Age | Feudal Age |
| 12:14 | Build | Market |
| 12:16 | Build | Blacksmith |
| 12:24 | Research | Horse Collar |
| 12:26 | Research | Double-Bit Axe |
| 13:44 | Research | Castle Age |
| 14:26 | Queue | Villager (Male) |
| 14:26 | Queue | Villager (Male) |
| 14:51 | Build | Farm |
| 14:53 | Build | Farm |
| 14:55 | Build | Farm |
| 14:57 | Build | Farm |
| 15:07 | Build | Farm |
| 16:31 | Age | Castle Age |
| 16:39 | Build | Monastery |
| 16:48 | Build | Siege Workshop |
| 16:56 | Queue | Villager (Male) |
| 17:10 | Build | Farm |
| 17:13 | Queue | Villager (Male) |
| 17:21 | Build | Barracks |
| 17:34 | Queue | Villager (Male) |
| 17:39 | Queue | Monk |
| 17:44 | Build | House |
| 18:02 | Research | Imperial Age |
| 18:02 | Research | Imperial Age |
| 18:11 | Build | House |
| 18:19 | Build | Farm |
| 18:46 | Build | Archery Range |
| 18:53 | Build | Archery Range |
| 19:26 | Queue | Villager (Male) |
| 19:26 | Queue | Villager (Male) |
| 19:34 | Build | Stable |
| 19:55 | Research | Padded Archer Armor |
| 19:59 | Queue | Villager (Male) |
| 20:12 | Queue | Monk |
| 20:38 | Build | House |
| 20:43 | Build | House |
| 21:11 | Build | House |
| 21:12 | Age | Imperial Age |
| 21:18 | Queue | Hand Cannoneer |
| 21:19 | Queue | Hand Cannoneer |
| 21:19 | Queue | Hand Cannoneer |
| 21:23 | Queue | Villager (Male) |
| 21:39 | Queue | Hand Cannoneer |
| 21:39 | Queue | Hand Cannoneer |
| 22:00 | Queue | Hand Cannoneer |
| 22:01 | Queue | Hand Cannoneer |
| 22:03 | Queue | Camel Scout |
| 22:04 | Queue | Camel Scout |
| 22:06 | Build | House |
| 22:08 | Queue | Villager (Male) |
| 22:08 | Queue | Villager (Male) |
| 22:11 | Build | Farm |
| 22:15 | Queue | Bombard Cannon |
| 22:15 | Queue | Bombard Cannon |
| 22:32 | Queue | Camel Scout |
| 22:34 | Build | House |
| 22:40 | Queue | Villager (Male) |
| 22:40 | Queue | Villager (Male) |
| 22:57 | Queue | Camel Scout |
| 22:57 | Queue | Camel Scout |
| 22:59 | Queue | Villager (Male) |
| 22:59 | Queue | Villager (Male) |
| 23:01 | Build | Farm |
| 23:06 | Build | Farm |
| 23:12 | Queue | Hand Cannoneer |
| 23:14 | Build | House |
| 23:20 | Queue | Villager (Male) |
| 23:28 | Build | House |
| 23:36 | Research | Loom |
| 23:40 | Queue | Bombard Cannon |
| 23:49 | Build | House |
| 23:49 | Queue | Hand Cannoneer |
| 23:50 | Queue | Hand Cannoneer |
| 23:56 | Queue | Camel Scout |
| 23:57 | Queue | Camel Scout |
| 24:12 | Build | Farm |
| 24:13 | Queue | Villager (Male) |
| 24:13 | Queue | Villager (Male) |
| 24:29 | Research | Forging |
| 24:35 | Queue | Hand Cannoneer |
| 24:36 | Queue | Hand Cannoneer |
| 24:40 | Build | Farm |
| 24:40 | Queue | Villager (Male) |
| 24:41 | Queue | Villager (Male) |
| 25:13 | Queue | Villager (Male) |
| 25:14 | Queue | Villager (Male) |
| 25:16 | Build | House |
Match timeline
| 8:07 | Barchy111 · age_up feudal |
| 9:28 | LMG_Leonardo · wall_segment Palisade Wall x1 |
| 10:06 | LMG_Leonardo · age_up feudal |
| 10:55 | [SP4RT] roboticoperatingbuddyste · age_up feudal |
| 11:38 | [SP4RT] roboticoperatingbuddyste · first_market_sell 100 stone |
| 12:11 | LMG_SON SABANDIJAS · age_up feudal |
| 12:24 | LMG_Leonardo · first_market_sell 100 wood |
| 12:27 | LMG_Leonardo · first_market_buy 100 food |
| 13:47 | Barchy111 · wall_segment Palisade Wall x1 |
| 14:23 | LMG_Leonardo · first_building Barracks |
| 14:25 | [SP4RT] roboticoperatingbuddyste · age_up castle |
| 14:56 | [SP4RT] roboticoperatingbuddyste · first_market_buy 100 wood |
| 15:16 | LMG_Leonardo · age_up castle |
| 15:19 | LMG_Leonardo · first_building Siege Workshop |
| 16:31 | LMG_SON SABANDIJAS · age_up castle |
| 16:39 | LMG_SON SABANDIJAS · first_building Monastery |
| 16:48 | LMG_SON SABANDIJAS · first_building Siege Workshop |
| 17:21 | LMG_SON SABANDIJAS · first_building Barracks |
| 17:53 | LMG_SON SABANDIJAS · first_market_buy 100 food |
| 17:54 | LMG_SON SABANDIJAS · first_market_sell 100 stone |
| 18:32 | [SP4RT] roboticoperatingbuddyste · first_building Castle |
| 18:46 | LMG_SON SABANDIJAS · first_building Archery Range |
| 19:01 | LMG_Leonardo · first_building Monastery |
| 19:34 | LMG_SON SABANDIJAS · first_building Stable |
| 20:01 | LMG_Leonardo · wall_segment Stone Wall x1 |
| 20:01 | Barchy111 · first_building Barracks |
| 20:14 | [SP4RT] roboticoperatingbuddyste · first_building Barracks |
| 20:29 | Barchy111 · first_market_sell 100 wood |
| 20:31 | Barchy111 · first_market_buy 100 food |
| 20:44 | [SP4RT] roboticoperatingbuddyste · first_building Stable |
| 21:12 | LMG_SON SABANDIJAS · age_up imperial |
| 21:13 | Barchy111 · first_building Archery Range |
| 22:32 | Barchy111 · age_up castle |
| 22:32 | LMG_Leonardo · first_building Castle |
| 22:44 | Barchy111 · first_building Siege Workshop |
| 22:50 | LMG_Leonardo · first_building Stable |
| 23:40 | Barchy111 · first_building Castle |
| 24:57 | [SP4RT] roboticoperatingbuddyste · wall_segment Stone Wall x5 |
| 31:43 | [SP4RT] roboticoperatingbuddyste · wall_segment Stone Wall x10 |
| 35:57 | LMG_Leonardo · resign |
| 37:04 | [SP4RT] roboticoperatingbuddyste · age_up imperial |
[ AI ANALYSIS · 1 CREDIT ]
What really happened in this match?
Wolo.gg analyzes every decision: build order, eco, micro, common mistakes by bracket. Personalized analysis on WhatsApp or Discord in 30 seconds.
Civ guide
Chinese
Perfil
Jugador #17028888